 Dungeon Crawl Stone Soup version 0.31-a0-986-g5e6e4ef867 (webtiles) character file.

Game seed: 1007540348371479090

3642 Sanktem7 the Cleaver (level 9, -10/81 HPs)
             Began as a Minotaur Fighter on Nov 10, 2023.
             Was a Priest of Okawaru.
             Shot with an arrow by a centaur (13 damage)
             ... on level 8 of the Dungeon.
             The game lasted 00:06:08 (5561 turns).

Sanktem7 the Cleaver (Minotaur Fighter)             Turns: 5561, Time: 00:06:08

Health: -10/81     AC:  9    Str: 24    XL:     9   Next: 88%
Magic:  0/8        EV: 14    Int:  5    God:    Okawaru [***...]
Gold:   366        SH:  5    Dex: 11    Spells: 8/8 levels left

rFire   . . .        a - +0 war axe {axe}
rCold   . . .        c - +0 buckler
rNeg    . . .        b - +0 scale mail
rPois   .            (helmet restricted)
rElec   .            (no cloak)
rCorr   .            n - +0 pair of gloves
SInv    +            (no boots)
Will    .....        l - amulet of guardian spirit Stlth
                     w - ring of see invisible
HPRegen 0.33/turn    F - +5 ring of evasion
MPRegen 0.11/turn

%: guardian spirit
@: no status effects
A: horns 2, retaliatory headbutt
a: Renounce Religion, Heroism


You were on level 8 of the Dungeon.
You worshipped Okawaru.
Okawaru was most pleased with you.
You visited 2 branches of the dungeon, and saw 9 of its levels.

You collected 366 gold pieces.


Innate Abilities, Weirdness & Mutations

You have a pair of horns on your head.
You reflexively headbutt those who attack you in melee.


   Skills:
 + Level 8.1 Fighting
 * Level 10.4(10.8) Axes
 + Level 3.9(7.7) Polearms
 + Level 2.6 Throwing
 + Level 8.1 Armour
 + Level 8.0 Shields


You had 8 spell levels left.
You didn't know any spells.
Your spell library contained the following spells:

 Spells                   Type           Power      Damage    Failure   Level
 Blink                    Tloc           0%         N/A       90%         2
 Ensorcelled Hibernation  Hex/Ice        0%         N/A       90%         2
 Passwall                 Tmut/Erth      0%         N/A       90%         2
 Poisonous Vapours        Pois/Air       0%         N/A       90%         2
 Dazzling Flash           Conj/Hex       0%         N/A       99%         3
 Gell's Gravitas          Tloc           0%         N/A       99%         3
 Mephitic Cloud           Conj/Pois/Air  0%         N/A       99%         3
 Swiftness                Air            0%         N/A       99%         3
 Teleport Other           Tloc           0%         N/A       99%         3
 Manifold Assault         Tloc           0%         N/A       100%        4
 Agony                    Necr           0%         N/A       100%        5
 Freezing Cloud           Conj/Ice/Air   0%         6-21      100%        5
 Silence                  Hex/Air        0%         N/A       100%        5
 Dispersal                Tloc           0%         N/A       100%        6

Inventory:

Hand Weapons
 a - a +0 war axe (weapon) {axe}
 j - a +0 dagger of holy wrath {short}
   (You found it on level 7 of the Dungeon)
 z - a +4 mace {mace}
   (You took it off a wight on level 6 of the Dungeon)
 K - a +0 whip of freezing {mace}
   (You took it off Pikel on level 8 of the Dungeon)
Missiles
 e - 50 stones {throwing}
 p - 6 poisoned darts {throwing}
 u - 2 throwing nets {=f!fthrowing}
 J - 4 silver javelins {throwing}
Armour
 b - a +0 scale mail (worn)
 c - a +0 buckler (worn)
 n - a +0 pair of gloves (worn)
   (You found it on level 2 of the Dungeon)
Jewellery
 l - an amulet of guardian spirit (around neck)
   (You found it on level 1 of the Dungeon)
 w - a ring of see invisible (left hand)
   (You found it on level 4 of the Dungeon)
 F - a +5 ring of evasion (right hand)
   (You found it on level 6 of the Dungeon)
 H - a ring of wizardry
   (You found it on level 7 of the Dungeon)
 L - a ring of protection from fire
   (You found it on level 8 of the Dungeon)
Wands
 q - a wand of flame (19)
   (You found it on level 3 of the Dungeon)
 A - a wand of digging (3)
   (You found it on level 6 of the Dungeon)
 G - a wand of roots (10)
   (You found it on level 6 of the Dungeon)
Scrolls
 g - 4 scrolls of revelation {unknown}
 i - 3 scrolls of enchant weapon {unknown}
 k - 4 scrolls of enchant armour {unknown}
 o - 4 scrolls of identify {unknown}
 r - a scroll of vulnerability {unknown}
 s - a scroll of blinking {unknown}
 t - 2 scrolls of teleportation {unknown}
 x - a scroll of immolation {unknown}
 y - a scroll of amnesia {unknown}
 C - a scroll of noise {unknown}
Potions
 d - 2 potions of might
 f - 5 potions of enlightenment {unknown}
 h - 5 potions of curing {unknown}
 m - a potion of heal wounds {unknown}
 v - 4 potions of lignification {unknown}
 B - a potion of magic {unknown}
 D - a potion of haste {unknown}
 E - 2 potions of degeneration {unknown}
 I - a potion of cancellation {unknown}

Dungeon Overview and Level Annotations

Branches:
Dungeon (8/15) Zot: 26782  Temple (1/1) D:6 Zot: 5981
   Lair: D:8-11

Altars:
Ashenzari
Cheibriados
Fedhas
Gozag
Hepliaklqana
Kikubaaqudgha
Nemelex Xobeh
Okawaru
Qazlal
Sif Muna
Trog
Uskayaw
Vehumet
Wu Jian
Xom
Yredelemnul
Zin
The Shining One

Annotations:
D:8 1 transporter, kaesle's ghost, novice HOFi

#.. ##.......# #..
.........+ ##..
#.......# ###...
#......?# #...>.
##.......## #####.###.
#.........# #.....###.
#.)))...###.###.....
#.)@F...............
..............©.©.....##
.........##############
.........#OOW.$?$....###
#.#c######O#..#.#..#.#.#
.... #..##...##..#.# ⌠..
#..##...##..#.# ..
#.#..#.#. #.#.# #.<


You could see 3 ogres, a bullfrog, a centaur and kaesle's ghost.


Message History

😨 HP[+1]
Found a stone staircase leading down. 😨 MP[+1] 😨 HP[+1] 😨 HP[+1]
L - a ring of protection from fire 😨 HP[+1]
A shadow imp comes into view.
The shadow imp shouts! 😨 MP[+1] 😨 HP[+1]
You slice the shadow imp!!
You kill the shadow imp!
Okawaru accepts your kill.
You hear the creaking of a portcullis nearby.
The ogre shouts! 😨 HP[+1]
The ogre shouts! 😨 HP[+1] 😨 MP[+1]
A kobold brigand and a kobold come into view.
The kobold brigand is wielding a +3 dagger and quivering curare-tipped darts.
The kobold brigand shouts!
You hear a shout!
A kobold comes into view. It is wielding a +0 dagger.
The kobold moves out of view.
A kobold comes into view. It is wielding a +0 club.
The kobold shouts!
The kobold throws a stone.
You block the stone.
A kobold comes into view.
It is wielding a +0 short sword. 😨 HP[+1]
A bullfrog comes into view.
The kobold brigand throws a curare-tipped dart.
The curare-tipped dart closely misses you.
The bullfrog croaks.
The kobold brigand throws a curare-tipped dart.
The curare-tipped dart closely misses you. 😨 HP[+1]
A centaur comes into view.
The kobold throws a stone.
The stone hits you.
* * * LOW HITPOINT WARNING * * *
The kobold hits you but does no damage. 😨 HP[-2]
You take 2 damage, and now have 30/81 hp.
The centaur shouts!
The kobold attacks as it pursues you! The kobold hits you but does no damage.
The kobold closely misses you.
The centaur wields a +0 orcbow.
The centaur shoots an arrow.
You block the arrow.
You barely miss the kobold brigand. You barely miss the kobold. x2
The kobold hits you with a +0 short sword.
* * * LOW HITPOINT WARNING * * *
The kobold closely misses you. You furiously retaliate!
You headbutt the kobold!
You kill the kobold!
The kobold brigand hits you with a +3 dagger.
* * * LOW HITPOINT WARNING * * *
😨 HP[-1] MP[-1]
You take 1 damage, and now have 29/81 hp.
You lost 1 mp, and now have 6/8 mp.
You slash the kobold brigand! You slash the kobold!
You kill the kobold!
You closely miss the kobold.
The centaur shoots an arrow.
The arrow closely misses you. The kobold brigand barely misses you.
Kaesle's ghost screams, "Zot is a myth, the ORB is a fable, you'll soon be a tale!"
The centaur shoots an arrow.
The arrow hits you!
* * * LOW HITPOINT WARNING * * *
The bullfrog barely misses you. You furiously retaliate!
You headbutt the bullfrog. 😨 HP[-8] MP[-1]
You take 8 damage, and now have 21/81 hp.
You lost 1 mp, and now have 5/8 mp.
You hit the kobold brigand. You hit the kobold.
You kill the kobold!
Okawaru accepts your kill.
You closely miss the kobold. You barely miss the bullfrog.
The centaur shoots an arrow.
The arrow hits you!
* * * LOW HITPOINT WARNING * * *
The bullfrog hits you.
* * * LOW HITPOINT WARNING * * *
The kobold closely misses you.
The kobold brigand closely misses you. 😱 HP[-10] MP[-1]
You take 10 damage, and now have 11/81 hp.
You lost 1 mp, and now have 4/8 mp.
You hit the kobold brigand. You slash the bullfrog! You slash the kobold!
You kill the kobold!
Okawaru accepts your kill.
The centaur shoots an arrow.
The arrow misses you. The bullfrog hits you.
* * * LOW HITPOINT WARNING * * *
The kobold brigand hits you with a +3 dagger.
* * * LOW HITPOINT WARNING * * *
😱 HP[-7] MP[-2]
You take 7 damage, and now have 4/81 hp.
You lost 2 mp, and now have 2/8 mp.
You slice the kobold brigand!!
You kill the kobold brigand!
Okawaru accepts your kill.
You hit the bullfrog.
The centaur shoots an arrow.
The arrow hits you but does no damage. The bullfrog hits you.
* * * LOW HITPOINT WARNING * * *
The centaur shoots an arrow.
The arrow hits you!
You die...

Skill      XL: |  1  2  3  4  5  6  7  8  9 |
---------------+----------------------------+-----
Axes           | 3 4 5 6 7 9 10 | 10.4
Shields        | 4 5 6 7 8 |  8.0
Armour         | 4 5 6 7 8 |  8.1
Fighting       | 4 5 6 7 8 |  8.1
Polearms       | 1 3 |  3.9
Throwing       | 2 |  2.6

Action                     |  1- 3 |  4- 6 |  7- 9 || total
---------------------------+-------+-------+-------++-------
  Melee: War axe           |    95 |   100 |   189 ||   384
         Headbutt          |    13 |    11 |    37 ||    61
 Armour: Scale mail        |    55 |    84 |   138 ||   277
  Dodge: Dodged            |    46 |    40 |   118 ||   204
  Block: Buckler           |    17 |    19 |    51 ||    87

Levels and vault maps discovered:
D:1:      sevenhm_arrival_forest_fort_small_2, layout_loops_corners,
          serial_bayou_crossing
D:2:      layout_basic, basic_altar, chequers_serial_rivers_large_b,
          corexii_corridor_pit
D:3:      layout_loops_ring, mainiacjoe_overflow_catwalk_spiral,
          minmay_crystal_room
D:4:      layout_gridville, lemuel_round_altar
D:5:      layout_loops_cross
D:6:      layout_rooms, fedhas_bush_and_centaur_altar, temple_fountains,
          uniq_blork_the_orc
D:7:      layout_loops_ring, cheibrodos_worm_habitat, serial_glass,
          glass_columns_a, glass_columns_a
D:8:      layout_basic, elyvilon_altar_5, serial_shops,
          nicolae_shop_just_a_little_nook, enter_bailey_1,
          gammafunk_ghost_smash, uniq_pikel
Temple:   nicolae_temple_ecumenical_triangle

Notes
Turn   | Place    | Note
-------+----------+-------------------------------------------
     0 | D:1      | Sanktem7 the Minotaur Fighter began the quest for the Orb.
     0 | D:1      | Reached XP level 1. HP: 19/19 MP: 0/0
     0 | D:1      | magus.rc [v1.9.6]
     5 | D:1      | Noticed an eight-headed hydra
     8 | D:1      | Noticed a black mamba
   124 | D:1      | Reached XP level 2. HP: 25/27 MP: 1/1
   271 | D:1      | Reached skill level 3 in Axes
   374 | D:1      | You add the spells Blink and Manifold Assault to your
                  | library.
   765 | D:1      | Reached skill level 4 in Shields
   775 | D:1      | Reached XP level 3. HP: 33/33 MP: 2/2
   789 | D:1      | Reached skill level 4 in Armour
   827 | D:1      | Reached skill level 4 in Fighting
  1103 | D:2      | You fall into a shaft and drop 1 floor!
  1119 | D:3      | Reached XP level 4. HP: 32/40 MP: 3/3
  1173 | D:3      | Reached skill level 4 in Axes
  1525 | D:3      | You pick up a book of Burglary and begin reading...
  1525 | D:3      | You add the spells Passwall, Ensorcelled Hibernation and
                  | Swiftness to your library.
  1595 | D:3      | Reached XP level 5. HP: 43/47 MP: 4/4
  1611 | D:3      | Found a shimmering altar of Xom.
  1623 | D:3      | Found a glowing golden altar of the Shining One.
  2018 | D:4      | Found a bloodstained altar of Trog.
  2019 | D:4      | You add the spells Gell's Gravitas, Teleport Other and
                  | Dispersal to your library.
  2107 | D:4      | Reached skill level 5 in Axes
  2352 | D:5      | Entered Level 5 of the Dungeon
  2362 | D:5      | Reached XP level 6. HP: 55/55 MP: 5/5
  2387 | D:5      | Reached skill level 5 in Fighting
  2387 | D:5      | Reached skill level 5 in Armour
  2387 | D:5      | Reached skill level 5 in Shields
  2798 | D:5      | Noticed a water moccasin
  2807 | D:5      | Killed a water moccasin
  2808 | D:5      | Reached skill level 6 in Axes
  2808 | D:5      | Reached XP level 7. HP: 46/61 MP: 4/6
  3276 | D:5      | Reached skill level 7 in Axes
  3276 | D:5      | Reached skill level 6 in Armour
  3299 | D:6      | Found a blossoming altar of Fedhas.
  3309 | D:6      | Reached skill level 6 in Fighting
  3309 | D:6      | Reached skill level 6 in Shields
  3310 | D:6      | HP: 3/63 [centaur/arrow (13)]
  3519 | D:6      | Reached XP level 8. HP: 37/70 MP: 3/7
  3697 | D:6      | Found a staircase to the Ecumenical Temple.
  3712 | D:6      | Reached skill level 8 in Axes
  3717 | Temple   | Entered the Ecumenical Temple
  3726 | Temple   | Became a worshipper of Warmaster Okawaru
  4035 | D:6      | Noticed Blork the orc
  4055 | D:6      | Killed Blork the orc
  4056 | D:6      | Reached skill level 7 in Armour
  4342 | D:7      | Reached * piety under Okawaru
  4343 | D:7      | Reached skill level 7 in Fighting
  4343 | D:7      | Reached skill level 9 in Axes
  4343 | D:7      | Reached skill level 7 in Shields
  4487 | D:7      | Reached skill level 1 in Polearms
  4544 | D:7      | Reached XP level 9. HP: 79/79 MP: 8/8
  4720 | D:7      | Found a snail-covered altar of Cheibriados.
  4748 | D:7      | Noticed a deep elf pyromancer
  4756 | D:7      | Killed a deep elf pyromancer
  4756 | D:7      | Reached ** piety under Okawaru
  4757 | D:7      | Reached skill level 2 in Polearms
  4757 | D:7      | Reached skill level 1 in Throwing
  4920 | D:7      | You pick up a book of Vapours and begin reading...
  4920 | D:7      | You add the spells Poisonous Vapours, Mephitic Cloud and
                  | Freezing Cloud to your library.
  5064 | D:7      | You pick up a book of the Senses and begin reading...
  5064 | D:7      | You add the spells Dazzling Flash, Agony and Silence to
                  | your library.
  5419 | D:8      | Reached skill level 3 in Polearms
  5425 | D:8      | Reached skill level 10 in Axes
  5425 | D:8      | Reached skill level 2 in Throwing
  5499 | D:8      | Noticed Pikel
  5518 | D:8      | HP: 20/81 [Pikel/+0 whip of freezing (2)]
  5520 | D:8      | Killed Pikel
  5520 | D:8      | Reached *** piety under Okawaru
  5521 | D:8      | Reached skill level 8 in Fighting
  5521 | D:8      | Reached skill level 8 in Armour
  5521 | D:8      | Reached skill level 8 in Shields
  5540 | D:8      | Noticed kaesle's ghost (novice HOFi)
  5541 | D:8      | Found a transporter.
  5545 | D:8      | Identified the +4 dire flail "Harghed" {drain, rCorr}
  5559 | D:8      | HP: 15/81 [centaur/arrow (6)]
  5560 | D:8      | HP: 4/81 [kobold brigand/+3 dagger (4)]
  5561 | D:8      | Shot with an arrow by a centaur

Vanquished Creatures
  Pikel (D:8)
  A deep elf pyromancer (D:7)
  2 wyverns
  2 water moccasins
  2 ice beasts
  2 black bears
  A centaur (D:6)
  A lemure (D:8)
  2 phantoms (D:6)
  Blork the orc (D:6)
  A kobold brigand (D:8)
  A bullfrog (D:7)
  2 scorpions
  5 wights (D:6)
  3 killer bees (D:7)
  7 howler monkeys
  2 orc priests
  4 jellies
  3 hounds
  2 sleepcaps
  5 iguanas
  5 orc wizards
  4 adders
  2 shadow imps (D:8)
  A white imp (D:5)
  2 ufetubi (D:6)
  3 worms
  2 dart slugs (D:1)
  14 orcs
  A bat (D:3)
  7 endoplasms
  4 giant cockroaches
  5 goblins
  2 hobgoblins
  6 jackals (D:1)
  13 kobolds
  4 quokkas
  2 ball pythons
  A frilled lizard (D:1)
  7 rats
135 creatures vanquished.

Table legend:
 A = Non-vault XP
 B = Vault XP
 C = Vault XP percentage of total XP
 D = Non-vault monster count
 E = Vault monster count
 F = Vault count percentage of total count
                 A         B        C        D         E       F
            +---------+---------+-------+---------+---------+-------
      Total |    4418 |     880 |  16.6 |     130 |       4 |   3.0
            +---------+---------+-------+---------+---------+-------
        D:1 |      50 |       0 |   0.0 |      27 |       0 |   0.0
        D:2 |       7 |       0 |   0.0 |       2 |       0 |   0.0
        D:3 |     165 |       0 |   0.0 |      25 |       0 |   0.0
        D:4 |     137 |       0 |   0.0 |      12 |       0 |   0.0
        D:5 |     908 |       0 |   0.0 |      18 |       0 |   0.0
        D:6 |     909 |     212 |  18.9 |      15 |       2 |  11.8
        D:7 |    1640 |       5 |   0.3 |      18 |       1 |   5.3
        D:8 |     602 |     663 |  52.4 |      13 |       1 |   7.1
            +---------+---------+-------+---------+---------+-------

Skill      XL: |  1  2  3  4  5  6  7  8  9 |
---------------+----------------------------+-----
Axes           | 3 4 5 6 7 9 10 | 10.4
Shields        | 4 5 6 7 8 |  8.0
Armour         | 4 5 6 7 8 |  8.1
Fighting       | 4 5 6 7 8 |  8.1
Polearms       | 1 3 |  3.9
Throwing       | 2 |  2.6

Action                     |  1- 3 |  4- 6 |  7- 9 || total
---------------------------+-------+-------+-------++-------
  Melee: War axe           |    95 |   100 |   189 ||   384
         Headbutt          |    13 |    11 |    37 ||    61
 Armour: Scale mail        |    55 |    84 |   138 ||   277
  Dodge: Dodged            |    46 |    40 |   118 ||   204
  Block: Buckler           |    17 |    19 |    51 ||    87

Illustrated notes

Table legend:
 A = Kills in this place as a percentage of kills in the entire game.
 B = Kills by you in this place as a percentage of kills by you in the entire game.
 C = Kills by friends in this place as a percentage of kills by friends in the entire game.
 D = Other kills in this place as a percentage of other kills in the entire game.
 E = Experience gained in this place as a percentage of experience gained in the entire game.
 F = Experience gained in this place divided by the number of levels of this place that you have seen.
                   A       B       C       D       E      F
               +-------+-------+-------+-------+-------+----------------------
         Total | 100.0 | 100.0 |   N/A |   N/A | 100.0 | 588.7
       Dungeon | 100.0 | 100.0 |   N/A |   N/A | 100.0 | 662.2
               +-------+-------+-------+-------+-------+----------------------

Table legend: (Time is in decaauts)
 A = Elapsed time spent in this place.
 B = Non-inter-level travel time spent in this place.
 C = Inter-level travel time spent in this place.
 D = Time resting spent in this place.
 E = Time spent auto-exploring this place.
 F = Levels seen in this place.
 G = Mean time per level.
                   A        B        C        D        E       F      G
               +--------+--------+--------+--------+--------+-----+--------+
         Total |   5654 |   5530 |    124 |    193 |   4257 |   9 |  628.2 |
       Dungeon |   5635 |   5511 |    124 |    193 |   4257 |   8 |  704.4 |
        Temple |     18 |     18 |      0 |      0 |      0 |   1 |   18.0 |
               +--------+--------+--------+--------+--------+-----+--------+

Top non-repeatable levels by time:
     D:5: 1153 daAuts
     D:7: 1036 daAuts
     D:1: 988 daAuts
     D:3: 901 daAuts
     D:6: 815 daAuts
     D:4: 372 daAuts
     D:8: 216 daAuts
     D:2: 152 daAuts
  Temple: 18 daAuts
